Map: Arctic Dream LE

Players

Razorblade - Winner!

  • Race: Protoss Protoss
  • League: Platinum
  • Spawn Location: 12:00

Andrey - Winner!

  • Race: Terran Terran
  • League: Diamond
  • Spawn Location: 11:00

qqq

  • Race: Zerg Zerg
  • Spawn Location: 6:00

Massa

  • Race: Terran Terran
  • League: Platinum
  • Spawn Location: 5:00

VOD

Have the link to the VOD?

Description

Time

  • Played on: Oct. 13, 2020, 6:07 a.m.
  • Length: 16:04
Show
View Real Time Build Order
Export as new Build Order

Razorblade Protoss - Winner!

Build Orders:  

Get SALT Encoding   

  12  0:00  Probe  
  13  0:16  Pylon  
  13  0:18  Probe  
  14  0:30  Probe  
  15  0:36  Gateway  
  15  0:42  Probe (Chrono Boost)  
  16  0:47  Assimilator  
  16  0:54  Probe (Chrono Boost)  
  17  1:01  Gateway  
  17  1:03  Probe (Chrono Boost)  
  18  1:12  Probe  
  19  1:19  Pylon  
  19  1:28  Cybernetics Core  
  19  1:29  Probe  
  19  1:32  Assimilator  
  20  1:42  Probe  
  21  1:55  Probe  
  22  2:03  Adept x2 (Chrono Boost)  
  22  2:07  Warp Gate  
  26  2:10  Probe  
  27  2:31  Nexus  
  27  2:49  Pylon  
  27  2:50  Probe  
  28  2:52  Twilight Council  
  28  3:10  Probe  
  29  3:13  Gateway  
  29  3:15  Gateway  
  29  3:23  Charge (Chrono Boost)  
  29  3:32  Probe  
  30  3:35  Pylon  
  30  3:36  Pylon  
  30  3:44  Probe  
  31  3:50  Forge  
  27  4:08  Probe x2  
  29  4:11  Assimilator  
  29  4:13  Assimilator  
  29  4:15  Pylon, Stalker  
  29  4:16  Sentry  
  33  4:19  Sentry  
  35  4:26  Stalker  
  37  4:36  Probe x2  
  39  4:42  Zealot x2  
  39  4:44  Protoss Ground Weapons Level 1 (Chrono Boost)  
  43  4:48  Probe x2  
  45  5:00  Probe  
  45  5:02  Zealot x2  
  45  5:03  Zealot  
  45  5:05  Sentry  
  54  5:16  Probe x2  
  56  5:26  Gateway  
  56  5:29  Gateway  
  56  5:32  Pylon  
  56  5:39  Probe x2  
  40  6:01  Sentry x2  
  40  6:02  Stalker x2  
  46  6:07  Probe x2  
  48  6:13  Forge  
  48  6:19  Probe, Pylon  
  49  6:25  Zealot  
  49  6:26  Zealot x3  
  49  6:32  Probe x2  
  59  6:44  Probe  
  59  6:47  Robotics Facility x2  
  60  6:48  Pylon  
  60  6:56  Zealot x2  
  60  6:57  Zealot  
  50  7:11  Zealot x3  
  56  7:23  Nexus  
  56  7:27  Pylon  
  56  7:28  Protoss Ground Armor Level 1 (Chrono Boost)  
  56  7:29  Protoss Ground Weapons Level 2 (Chrono Boost)  
  56  7:40  Observer x2  
  46  7:53  Zealot x5  
  56  8:03  Probe x2  
  58  8:14  Stalker x4  
  66  8:28  Probe x2  
  68  8:34  Pylon  
  68  8:36  Zealot x2  
  68  8:38  Pylon  
  62  8:46  Zealot x2  
  62  8:47  Zealot x2  
  56  9:00  Gateway x2  
  50  9:04  Probe x3  
  53  9:12  Photon Cannon  
  53  9:13  Photon Cannon  
  53  9:15  Photon Cannon  
  53  9:16  Probe  
  54  9:18  Shield Battery  
  54  9:19  Probe x2  
  56  9:28  Probe  
  57  9:31  Probe x2  
  57  9:33  Immortal (Chrono Boost)  
  57  9:35  Pylon  
  63  9:38  Immortal (Chrono Boost)  
  67  9:49  Assimilator  
  67  9:54  Assimilator  
  67  10:21  Templar Archives  
  67  10:24  Zealot x2  
  67  10:25  Zealot x2  
  75  10:29  Warp Prism, Protoss Ground Armor Level 2 (Chrono Boost)  
  75  10:33  Protoss Ground Weapons Level 3 (Chrono Boost)  
  75  10:35  Assimilator  
  77  10:37  Pylon  
  77  10:38  Assimilator  
  77  10:39  Nexus  
  77  10:40  Pylon  
  77  10:41  Observer  
  77  10:43  Pylon  
  77  10:56  Stalker x3  
  77  10:57  Stalker x2  
  87  11:22  Stalker  
  87  11:23  Stalker x6  
  87  11:24  Stalker  
  103  11:45  Photon Cannon x2  
  103  11:47  High Templar x3  
  103  11:48  High Templar x3  
  103  11:49  Photon Cannon, High Templar  
  103  11:53  High Templar  
  119  11:56  Archon x3  
  119  11:58  Archon  
  119  12:08  Gateway  
  119  12:09  Gateway  
  119  12:13  Pylon  
  119  12:16  Probe  
  119  12:17  Probe x2  
  119  12:22  Probe  
  123  12:28  Probe  
  123  12:29  Zealot x3  
  130  12:30  Zealot x3  
  130  12:31  Zealot x2  
  136  13:06  Protoss Ground Armor Level 3 (Chrono Boost)  
  128  13:19  High Templar x2  
  128  13:20  High Templar x3  
  128  13:21  High Templar  
  128  13:25  Archon x3  
  136  13:42  Immortal x2  
  144  13:54  Zealot  
  144  13:55  Zealot x6  
  154  13:56  Zealot x2  
  154  13:57  Zealot  
  144  14:17  Stalker x2  
  144  14:18  Stalker x3  
  144  14:19  Stalker  
  144  14:20  Stalker x3  
  144  14:21  Immortal x2  
  168  14:46  Zealot  
  168  14:47  Zealot x4  
  168  14:48  Zealot x2  
  168  14:49  Zealot x2  
  168  14:50  Zealot  
  184  15:19  Zealot x4  
  184  15:20  Zealot x4  
  196  15:21  Zealot  
Show
View Real Time Build Order
Export as new Build Order

Andrey Terran - Winner!

Build Orders: Reaper Expand 

Get SALT Encoding   

  12  0:00  SCV  
  13  0:12  SCV  
  14  0:19  Supply Depot  
  14  0:24  SCV  
  15  0:40  SCV  
  15  0:42  Barracks  
  16  0:49  Refinery  
  16  0:52  SCV  
  17  1:04  SCV  
  18  1:17  SCV  
  19  1:31  Orbital Command  
  19  1:33  Reaper  
  20  1:50  Command Center  
  20  1:58  SCV  
  21  2:04  Supply Depot  
  21  2:06  Barracks Reactor  
  21  2:10  SCV  
  22  2:16  Barracks  
  22  2:22  SCV  
  23  2:27  Barracks  
  23  2:34  Refinery, SCV  
  24  2:46  SCV  
  24  2:47  Marine x2  
  26  2:53  Factory  
  26  2:58  SCV  
  26  3:04  Barracks Tech Lab  
  27  3:08  Orbital Command  
  27  3:10  Marine x2  
  29  3:13  SCV  
  29  3:15  Barracks Tech Lab  
  30  3:25  SCV  
  31  3:27  Marine  
  31  3:28  Marine  
  31  3:29  Stimpack  
  31  3:33  Orbital Command  
  33  3:37  Combat Shield  
  33  3:39  Factory Tech Lab  
  33  3:40  Marine x2  
  35  3:45  SCV  
  36  3:51  Marine x2  
  38  3:57  Siege Tank  
  38  4:01  SCV  
  42  4:05  Marine x2  
  44  4:11  Marine x2  
  46  4:17  Supply Depot  
  46  4:20  SCV x2  
  46  4:23  Supply Depot  
  47  4:33  Siege Tank  
  47  4:34  Marine x3  
  53  4:42  SCV x2  
  45  4:53  Marine x4  
  45  4:54  SCV  
  45  4:57  Barracks  
  45  4:58  Barracks  
  49  5:02  SCV  
  49  5:05  Refinery  
  50  5:10  Marine  
  50  5:11  Marine, Siege Tank  
  55  5:14  Marine  
  55  5:15  Marine  
  55  5:16  SCV  
  55  5:18  SCV  
  57  5:39  SCV  
  57  5:40  SCV  
  59  5:45  Siege Tank  
  59  5:46  Marine x3  
  65  5:50  Marine x2  
  65  5:53  Barracks Reactor  
  64  6:08  Marine x2  
  54  6:17  Refinery, Siege Tank  
  56  6:18  Barracks Reactor  
  56  6:25  Engineering Bay  
  56  6:28  Engineering Bay  
  56  6:29  Marine  
  56  6:30  Marauder x2, Marine x3  
  64  6:33  SCV x2  
  66  6:54  Starport  
  61  7:13  Siege Tank  
  61  7:14  Marine x7  
  61  7:15  Marine  
  69  7:20  Terran Infantry Armor Level 1, Terran Infantry Weapons Level 1, Supply Depot  
  69  7:23  SCV, Supply Depot  
  69  7:24  Supply Depot  
  70  7:31  SCV  
  70  7:35  SCV, Marine x2  
  70  7:36  Marine x3  
  70  7:37  Concussive Shells  
  77  7:38  Marine  
  77  7:42  Marine x2  
  72  7:59  Marine  
  72  8:00  Marauder, Marine x5  
  72  8:01  Marauder  
  72  8:05  Siege Tank  
  76  8:06  Starport Reactor  
  72  8:17  Marine x2  
  74  8:22  Marauder  
  74  8:26  SCV  
  77  8:27  Command Center  
  77  8:32  Armory  
  77  8:36  SCV  
  77  8:38  SCV  
  78  9:00  Medivac x2  
  78  9:01  Siege Tank  
  78  9:02  SCV x2  
  87  9:12  Starport  
  87  9:14  Refinery  
  87  9:15  Marine x2  
  87  9:16  Marauder, Marine x2  
  93  9:24  Terran Infantry Weapons Level 2  
  93  9:28  Terran Infantry Armor Level 2  
  93  9:35  Medivac x2  
  97  9:40  Orbital Command  
  97  9:44  Refinery  
  97  9:45  Marine  
  98  9:50  Marine x3  
  101  9:59  Marine x2  
  105  10:00  Starport Reactor, Marauder  
  105  10:05  SCV x2  
  95  10:30  Marine x6  
  95  10:31  Marauder x2  
  92  10:45  Siege Tank  
  92  10:47  Marine  
  92  10:48  Marine x5  
  96  10:52  Marauder x2  
  95  11:13  Medivac x4  
  103  11:20  SCV x3  
  104  11:32  SCV x2  
  106  11:33  SCV  
  106  11:39  Marine x3  
  102  11:40  Marauder  
  102  11:43  Marine x3  
  102  11:44  Marauder  
  107  12:00  Marine x3  
  106  12:01  Marauder  
  106  12:02  Marine x2  
  106  12:03  Marine  
  106  12:04  Terran Infantry Weapons Level 3  
  106  12:05  Marine, Terran Infantry Armor Level 3  
  109  12:11  Siege Tank  
  109  12:14  Terran Vehicle And Ship Armor Level 1  
  112  12:18  Marine x2  
  109  12:23  Marauder  
  109  12:27  Marine x2  
  109  12:28  Marauder, Marine x2  
  117  12:35  Barracks x2  
  117  12:36  Barracks  
  117  12:44  Supply Depot x2  
  117  13:05  SCV x3, Marine x4, Siege Tank  
  117  13:06  Marauder  
  111  13:39  Marine x3  
  111  13:40  Marauder x2, Marine, Siege Tank  
  120  13:47  Marine  
  120  13:48  Marine  
  120  13:57  Marine x2  
  120  14:01  Marauder  
  120  14:02  Marauder  
  113  14:14  Command Center  
  99  14:23  Marine, Command Center  
  99  14:24  Marine x5  
  98  14:25  Marauder x2, Medivac x3  
  97  14:41  Marine x2  
  97  14:42  Marine x4, Siege Tank  
  103  14:46  Marauder x2  
  103  14:49  SCV x2  
  107  14:53  Barracks Tech Lab x3  
  107  14:56  Hi-Sec Auto Tracking  
  107  14:59  Marine x3  
  109  15:05  Marine  
  109  15:06  Marine x2  
  113  15:07  Marauder  
  113  15:08  Marauder  
  117  15:15  Viking  
  117  15:18  SCV  
  117  15:20  SCV  
  121  15:29  Marauder  
  112  15:36  Marine x2  
  112  15:37  Marauder, Marine x2  
Show
View Real Time Build Order
Export as new Build Order

qqq Zerg 

Build Orders: Hatch First 

Get SALT Encoding   

  12  0:03  Drone  
  13  0:08  Drone  
  14  0:35  Hatchery  
  13  0:45  Drone  
  14  0:55  Spawning Pool  
  13  1:03  Overlord  
  13  1:06  Drone  
  14  1:11  Extractor  
  14  1:13  Drone  
  14  1:22  Drone  
  15  1:35  Drone  
  16  1:47  Drone  
  16  1:49  Queen  
  16  1:53  Queen  
  21  1:58  Drone  
  22  2:02  Drone  
  22  2:06  Drone  
  24  2:15  Overlord  
  24  2:21  Metabolic Boost  
  24  2:25  Drone  
  24  2:29  Drone  
  26  2:31  Drone  
  26  2:36  Drone  
  28  2:39  Zergling x2  
  28  2:41  Drone  
  30  2:44  Zergling x2  
  30  2:47  Drone  
  32  2:55  Baneling Nest  
  32  2:57  Drone  
  32  2:59  Zergling x2  
  32  3:02  Zergling x2  
  32  3:03  Zergling x2  
  35  3:13  Zergling x2  
  35  3:15  Overlord  
  36  3:26  Overlord  
  36  3:38  Lair  
  36  3:43  Drone, Zergling x2  
  38  3:53  Hatchery  
  38  3:55  Zergling x4  
  38  3:56  Drone, Zergling x2  
  40  4:04  Drone x2  
  40  4:05  Drone  
  40  4:06  Drone  
  44  4:11  Zergling x6  
  44  4:14  Drone  
  47  4:32  Zergling x2  
  47  4:33  Zergling x4  
  47  4:34  Zergling x2  
  46  4:58  Zergling x4  
  46  4:59  Zergling x2  
  42  5:00  Drone x4  
  46  5:10  Zergling x2  
  46  5:13  Drone x2  
  49  5:20  Zergling x2  
  49  5:21  Zergling x4  
  50  5:30  Roach Warren  
  50  5:31  Zergling x2  
  50  5:32  Zergling x6  
  53  5:36  Queen  
  55  5:46  Hatchery  
  54  5:53  Hatchery  
  50  5:57  Zergling x2  
  50  5:58  Zergling x10  
  50  5:59  Zergling x4  
  51  6:08  Zergling x6  
  51  6:09  Drone x2, Zergling x6  
  51  6:10  Zergling x2  
  57  6:15  Glial Reconstitution  
  57  6:18  Overlord x3  
  57  6:19  Overlord  
  57  6:26  Centrifical Hooks  
  57  6:30  Evolution Chamber  
  57  6:31  Drone  
  57  6:32  Extractor, Evolution Chamber  
  55  6:35  Drone  
  55  6:36  Drone x2  
  55  6:37  Drone  
  53  6:52  Roach x2  
  53  6:53  Roach  
  58  6:54  Drone x3  
  58  6:55  Roach x2  
  58  7:15  Roach x3  
  63  7:16  Roach x3  
  63  7:17  Roach x3  
  75  7:28  Drone  
  76  7:34  Extractor  
  76  7:35  Extractor  
  76  7:36  Roach x5  
  84  7:37  Drone x3  
  84  7:38  Drone  
  88  7:51  Roach x3  
  88  8:11  Roach  
  88  8:12  Drone, Roach x3  
  97  8:13  Drone x2, Zergling x6  
  97  8:14  Overlord x2  
  97  8:15  Overlord x2  
  102  8:28  Overlord  
  96  8:46  Roach x2  
  96  8:47  Roach x4  
  96  8:48  Roach x2  
  84  9:03  Roach  
  84  9:04  Roach x3  
  84  9:05  Drone x6  
  84  9:06  Drone  
  99  9:16  Roach x2  
  103  9:24  Zerg Melee Weapons Level 1  
  103  9:26  Drone  
  103  9:27  Drone x5  
  109  9:33  Zergling x2  
  109  9:34  Zergling x4  
  112  9:39  Zerg Ground Armor Level 1  
  112  9:40  Zergling x4  
  114  9:51  Hatchery  
  113  9:56  Zergling x4  
  115  10:00  Drone x2  
  115  10:01  Drone x7  
  115  10:02  Drone x2  
  115  10:03  Roach x2  
  92  10:16  Roach x4  
  92  10:17  Roach x3  
  98  10:33  Roach x6  
  98  10:34  Roach x6  
  108  10:49  Roach x3  
  111  10:50  Drone x2, Roach  
  111  10:51  Drone  
  112  11:00  Roach x2  
  112  11:01  Hydralisk Den  
  112  11:04  Overlord x6  
  111  11:05  Drone  
  111  11:06  Drone x4  
  111  11:09  Zergling x2  
  111  11:18  Zerg Missile Weapons Level 1  
  107  11:20  Hatchery  
  107  11:23  Spine Crawler  
  84  11:42  Roach  
  84  11:43  Zergling x6, Roach x5  
  89  11:47  Zergling x10  
  89  11:48  Zergling x2  
  95  11:59  Zergling x4  
  95  12:00  Zergling x2, Roach x2  
  95  12:01  Drone x2  
  82  12:13  Drone x2  
  83  12:32  Hatchery, Hydralisk x2  
  83  12:33  Hydralisk x3  
  83  12:35  Drone, Lurker Den  
  83  12:36  Drone  
  92  12:57  Roach x5  
  92  12:58  Drone  
  91  13:08  Roach x2  
  91  13:09  Drone  
  82  13:20  Drone  
  82  13:22  Spine Crawler  
  82  13:24  Spine Crawler  
  77  13:28  Drone x2  
  77  13:30  Drone  
  77  13:31  Drone  
  81  13:38  Queen  
  83  13:52  Hydralisk  
  83  13:53  Hydralisk x3  
  83  13:55  Drone  
  88  14:07  Roach x2  
  88  14:08  Roach x3  
  96  14:11  Drone x3  
  97  14:17  Drone  
  97  14:23  Drone x4  
  99  14:42  Roach  
  99  14:43  Roach x2  
  99  14:44  Hatchery  
  93  14:56  Hydralisk  
  92  15:07  Lurker x4  
  76  15:22  Hydralisk x2  
  76  15:23  Hydralisk x4  
  76  15:24  Drone  
  76  15:25  Drone x2  
  84  15:34  Spine Crawler  
  79  15:37  Spine Crawler, Spore Crawler  
  79  15:40  Hydralisk x6  
  76  15:49  Lurker x5  
  79  15:50  Lurker  
Show
View Real Time Build Order
Export as new Build Order

Massa Terran 

Build Orders: Reaper Expand 

Get SALT Encoding   

  12  0:00  SCV  
  13  0:12  SCV  
  14  0:17  Supply Depot  
  14  0:24  SCV  
  15  0:39  SCV, Barracks  
  16  0:48  Refinery  
  16  0:51  SCV  
  17  1:03  SCV  
  18  1:15  SCV  
  19  1:27  Orbital Command  
  19  1:31  Reaper  
  20  1:42  Command Center  
  20  1:53  SCV  
  21  2:03  Marine  
  21  2:05  SCV  
  23  2:15  Factory  
  23  2:20  Supply Depot  
  23  2:26  Refinery  
  23  2:27  Supply Depot  
  23  2:28  Barracks Reactor  
  23  2:42  SCV  
  24  2:54  SCV  
  24  3:00  Hellion  
  26  3:06  Marine x2  
  28  3:18  Starport, Orbital Command  
  29  3:20  SCV  
  29  3:24  Marine x2  
  31  3:29  Widow Mine  
  31  3:32  SCV  
  34  3:36  Barracks  
  34  3:44  Marine x2  
  34  3:47  SCV x2  
  38  3:50  Widow Mine  
  40  3:59  SCV  
  40  4:01  Medivac  
  43  4:03  SCV  
  43  4:08  Engineering Bay  
  44  4:11  SCV  
  44  4:14  Factory Tech Lab, Marine x2  
  44  4:15  SCV  
  48  4:32  Marine x2  
  50  4:42  Barracks Tech Lab, Terran Infantry Weapons Level 1  
  50  4:44  Siege Tank  
  53  4:50  Marine  
  54  4:54  Supply Depot  
  54  4:57  Missile Turret, Supply Depot  
  54  5:02  Missile Turret  
  54  5:12  Refinery  
  54  5:15  Refinery, Marine x2  
  54  5:16  SCV x2, Marauder  
  54  5:18  Supply Depot  
  54  5:19  Liberator  
  63  5:28  SCV x2  
  65  5:33  Marine  
  66  5:37  Marauder  
  66  5:40  SCV x2  
  64  6:14  Marauder, Marine x2  
  64  6:18  Medivac  
  70  6:19  Stimpack  
  70  6:24  Supply Depot x2  
  70  6:25  Supply Depot x2  
  70  6:33  Command Center  
  70  6:40  Terran Infantry Armor Level 1  
  70  6:45  SCV x2, Marine x2  
  70  6:46  Marauder, Siege Tank  
  79  6:48  Medivac  
  81  6:58  SCV  
  72  7:07  Marauder  
  55  7:18  Marine x2, Siege Tank  
  55  7:22  Medivac  
  62  7:26  Barracks  
  62  7:28  Marauder  
  64  7:30  Armory  
  64  7:36  SCV x2, Marine x2  
  68  7:48  SCV x2  
  68  7:50  Marauder  
  67  7:54  Marine  
  57  8:00  SCV x2, Marine  
  57  8:03  Siege Tank  
  57  8:09  Orbital Command  
  57  8:11  Marauder, Marine  
  57  8:12  SCV x2  
  61  8:18  Barracks Tech Lab, Marine  
  63  8:21  Terran Vehicle Weapons Level 1  
  63  8:24  SCV  
  63  8:25  SCV  
  65  8:27  Engineering Bay  
  65  8:29  Marine  
  65  8:32  Supply Depot  
  65  8:33  Marauder  
  68  8:34  Supply Depot  
  68  8:35  Supply Depot  
  68  8:36  Siege Tank, Supply Depot  
  68  8:37  SCV x2  
  73  8:46  Medivac  
  75  8:49  SCV x2  
  75  8:54  Marauder x2  
  75  8:55  Marine x2  
  83  8:58  Combat Shield  
  83  9:02  Concussive Shells  
  83  9:08  Terran Infantry Armor Level 2  
  83  9:11  SCV  
  83  9:12  SCV x2, Marine  
  83  9:13  Marine  
  83  9:15  Marauder  
  83  9:16  Marauder, Medivac  
  94  9:17  Refinery  
  94  9:20  Refinery  
  94  9:21  Missile Turret  
  94  9:22  Siege Tank  
  94  9:23  SCV  
  94  9:24  SCV x2  
  100  9:30  Marine  
  101  9:35  SCV  
  101  9:36  SCV x2  
  101  9:37  Marauder x2  
  108  9:44  Barracks  
  108  9:47  Factory  
  108  9:52  Command Center  
  83  10:40  Factory Tech Lab  
  83  10:42  Marauder, Marine  
  81  10:43  Marauder, Marine  
  81  10:47  Barracks Tech Lab  
  81  11:00  Marine x2  
  81  11:03  Marauder  
  85  11:04  Marauder  
  85  11:17  Siege Tank  
  85  11:18  Marine, Siege Tank  
  81  11:24  SCV  
  81  11:25  SCV x2, Marauder x2  
  89  11:31  Terran Vehicle Weapons Level 2, Terran Infantry Armor Level 3  
  89  11:36  SCV  
  89  11:37  SCV x2  
  92  11:46  Marauder  
  96  11:47  Marauder  
  96  11:48  SCV  
  96  11:49  SCV x2, Siege Tank  
  96  11:50  Siege Tank  
  96  11:52  Marauder, Marine  
  96  11:53  Marine  
  109  11:57  Medivac  
  109  12:01  SCV x3  
  111  12:02  Orbital Command  
  111  12:05  Missile Turret  
  111  12:08  Marauder x2  
  117  12:10  Marine x2  
  117  12:13  SCV x2  
  117  12:14  Marauder  
  123  12:21  Siege Tank  
  123  12:22  Siege Tank  
  128  12:26  Missile Turret  
  128  12:27  Medivac  
  128  12:28  Marine x2  
  128  12:29  Marauder  
  136  12:30  Marauder  
  136  12:35  Marauder  
  138  12:46  Missile Turret  
  138  12:48  Refinery x2  
  138  12:50  Marauder  
  138  12:51  Marauder  
  142  12:56  Marauder  
  142  12:57  Command Center, Medivac  
  146  13:03  Marine  
  146  13:04  Marine  
  148  13:12  Marauder x2  
  152  13:18  Marauder  
  152  13:21  Marine  
  152  13:22  Marine  
  141  13:29  Widow Mine  
  141  13:31  Siege Tank  
  141  13:33  Marauder, Viking  
  141  13:34  Marauder  
  150  13:39  Marauder, Marine x2  
  154  13:50  Siege Tank  
  154  13:54  Marine x2  
  159  13:57  Terran Vehicle And Ship Armor Level 1, Marine x2  
  159  14:00  Marine  
  160  14:03  Viking, Siege Tank  
  143  14:12  Marine  
  143  14:13  Marauder  
  143  14:14  Marine  
  143  14:17  Marine  
  129  14:18  Marauder  
  121  14:30  Marauder  
  121  14:32  Marine  
  121  14:33  Medivac  
  121  14:34  Marauder, Marine  
  127  14:40  Marauder  
  128  14:52  Marauder  
  130  14:53  Command Center  
  130  14:56  Marauder  
  132  15:03  Medivac  
  134  15:07  Widow Mine, Siege Tank  
  134  15:09  Marauder  
  134  15:10  Marine x2  
  134  15:13  Marauder  
  145  15:17  Marauder  
  147  15:27  Marine  
  147  15:28  Marine, Siege Tank  
  136  15:30  Marauder  
  136  15:34  Marauder  
  141  15:38  Marauder  
  145  15:45  Marine  
  145  15:46  Marine  
Tags
 
Add a new tag
Caveats
  • Supply blocks, unpowered buildings, or Contaminate may cause inaccurate times.
  • Supply counts are checked every 10 seconds.